 Dungeon Crawl Stone Soup version 0.17-a0-702-gb3a3556 (webtiles) character file.

1955 laxity the Transmogrifier (level 9, -3/78 HPs)
             Began as a Naga Transmuter on Apr 19, 2015.
             Slain by wotan's ghost (11 damage)
             ... on level 6 of the Dungeon.
             The game lasted 00:21:10 (7530 turns).

laxity the Transmogrifier (Naga Transmuter)         Turns: 7530, Time: 00:21:10

Health: -3/78      AC:  4    Str: 13    XL:     9   Next: 19%
Magic:  8/12       EV:  9    Int: 17    God:
Gold:   362        SH:  0    Dex: 11    Spells: 3 memorised, 3 levels left

rFire  . . .     SeeInvis +       - Unarmed
rCold  . . .     Clarity  .     c - +0 robe
rNeg   . . .     SustAb   .     (shield currently unavailable)
rPois  +         Gourm    .     (no helmet)
rElec  .         Spirit   .     (no cloak)
rCorr  .         Warding  .     (gloves currently unavailable)
rMut   .         Stasis   .     (no barding)
MR     +....                    t - amulet of regeneration
Stlth  +.........               (no ring)
                                (no ring)

@: about to teleport, blade hands, drained, very slow, somewhat resistant to
hostile enchantments, very unstealthy
A: see invisible, deformed body, poison resistance, slowness 2, spit poison 2,
AC +3
a: Spit Poison, End Transformation


You were on level 6 of the Dungeon.
You were not hungry.
You had blades for hands.
You visited 1 branch of the dungeon, and saw 6 of its levels.

You collected 362 gold pieces.

Inventory:

Missiles
 j - 72 stones (quivered)
Armour
 c - a +0 robe (worn)
Jewellery
 k - an uncursed ring of ice
 t - an amulet of regeneration (around neck)
 u - an uncursed ring of protection from fire {unknown}
 y - an uncursed amulet of resist mutation
 z - an uncursed amulet of resist corrosion {unknown}
Scrolls
 h - 3 scrolls of enchant weapon
 n - a scroll of remove curse
 q - 3 scrolls of teleportation
Potions
 b - a potion of flight {unknown}
 e - a potion of berserk rage {unknown}
 f - a potion of lignification
 i - 3 potions of curing
 l - a potion of mutation {unknown}
 m - a potion of magic {unknown}
 o - a potion of brilliance
 p - a potion of resistance {unknown}
 r - a potion of restore abilities {unknown}
 s - 2 potions of haste {unknown}
 v - a potion of poison {unknown}
 x - 3 potions of might {unknown}
Books
 d - a book of Changes

   Spells                             Type                      Level
   a - Beastly Appendage              Transmutation                1
   b - Sticks to Snakes               Transmutation                2
   c - Spider Form                    Transmutation/Poison         3
   d - Ice Form                       Ice/Transmutation            4
   e - Blade Hands                    Transmutation                5
Comestibles
 a - 4 bread rations
 g - a meat ration


   Skills:
 - Level 4.1(3.5) Fighting
 - Level 1.5(1.0) Dodging
 - Level 5.1(4.5) Unarmed Combat
 - Level 2.0(1.4) Spellcasting
 + Level 10.2(9.5) Transmutations


You had 3 spell levels left.
You knew the following spells:

 Your Spells              Type           Power        Failure   Level  Hunger
a - Beastly Appendage     Trmt           ####..       12%         1    ##.....
b - Spider Form           Trmt/Pois      ###.......   45%         3    ####...
c - Blade Hands           Trmt           ####......   54%         5    ######.


Dungeon Overview and Level Annotations

Branches:
Dungeon (6/15)             Temple (0/1) D:6

Altars:
Cheibriados
Dithmenos
Makhleb
Nemelex Xobeh
Qazlal
Trog

Annotations:
D:6 wotan's ghost, experienced MiBe


Innate Abilities, Weirdness & Mutations

You cannot wear boots.
Your serpentine skin is tough (AC +3).
You have supernaturally acute eyesight.
Armour fits poorly on your strangely shaped body.
Your system is resistant to poisons.
You cover ground very slowly.
You can spit poison.


Message History

The black bear is almost dead.
The black bear bites you. The black bear claws you.
The black bear closely misses you. Wotan's ghost hits you.
* * * LOW HITPOINT WARNING * * *
You hit the black bear.
You kill the black bear!
Wotan's ghost hits you!
* * * LOW HITPOINT WARNING * * *
You completely miss wotan's ghost.
You slash wotan's ghost, but do no damage.
Wotan's ghost is heavily damaged.
Wotan's ghost hits you but does no damage.
Read which item? (? for menu, Esc to quit)
As you read the scroll of teleportation, it crumbles to dust.
You feel strangely unstable. Wotan's ghost hits you.
* * * LOW HITPOINT WARNING * * *
You slash wotan's ghost!
Wotan's ghost is almost destroyed.
Wotan's ghost hits you!
You die...

#.## ... ..# .. ###########.#
.. ..≈≈≈≈≈≈≈≈≈..# .# # .
..≈≈≈≈.≈≈≈≈..###.#.#...
#.≈≈≈≈≈≈≈≈≈.)))#........ ##
############.)......# .#
######W##..#.## .#
#....@.....#.. .#######
##.####†###...##.. .......#
#...# #......... ...###.# #...#
#####...## # ....##.# #...#
###.#.##...$# .......# #...#
#.g[......#
..)....####...#####.(#.........
##..#.............((.#.#......
................(......#..##..


You could see wotan's ghost.

Vanquished Creatures
  An ice beast (D:6)
  A sky beast (D:6)
  A phantom (D:4)
  A black bear (D:6)
  3 ogres
  A centaur (D:5)
  2 jellies
  6 scorpions
  4 wights (D:6)
  5 hounds
  2 iguanas
  An orc priest (D:5)
  A centaur skeleton (D:6)
  3 worker ants
  Jessica (D:2)
  An orc wizard (D:4)
  Terence (D:2)
  Natasha (D:2)
  2 worker ant zombies
  9 adders
  4 gnolls (D:6)
  2 oozes
  An adder skeleton (D:4)
  2 worms
  5 giant geckos
  7 orcs
  A bat skeleton (D:4)
  17 goblins
  10 hobgoblins
  8 jackals
  6 quokkas
  23 bats
  11 giant cockroaches
  2 giant newts
  9 kobolds
  A quokka skeleton (D:6)
  11 rats
167 creatures vanquished.

Vanquished Creatures (others)
  4 fungi (D:5)
4 creatures vanquished.

Grand Total: 171 creatures vanquished

Notes
Turn   | Place    | Note
--------------------------------------------------------------
     0 | D:1      | laxity, the Naga Transmuter, began the quest for the Orb.
     0 | D:1      | Reached XP level 1. HP: 18/18 MP: 3/3
   424 | D:1      | Reached XP level 2. HP: 20/25 MP: 5/5
  1051 | D:1      | Reached XP level 3. HP: 6/31 MP: 6/6
  1096 | D:1      | Learned a level 3 spell: Spider Form
  1398 | D:2      | Found a shadowy altar of Dithmenos.
  1503 | D:2      | Noticed Jessica
  1510 | D:2      | Killed Jessica
  1510 | D:2      | Reached skill level 4 in Transmutations
  1778 | D:2      | Reached XP level 4. HP: 9/38 MP: 0/7
  1784 | D:2      | HP: 1/38 [bat (1)]
  2447 | D:2      | Noticed Terence
  2456 | D:2      | Killed Terence
  2831 | D:2      | Noticed Natasha
  2841 | D:2      | Killed Natasha
  2841 | D:2      | Reached skill level 5 in Transmutations
  2841 | D:2      | Reached XP level 5. HP: 15/44 MP: 2/8
  3838 | D:3      | Found a burning altar of Makhleb.
  3902 | D:4      | Reached skill level 6 in Transmutations
  3902 | D:4      | Reached XP level 6. HP: 46/51 MP: 5/9
  3967 | D:4      | Learned a level 5 spell: Blade Hands
  4442 | D:4      | Found a snail-covered altar of Cheibriados.
  4442 | D:4      | Found a sparkling altar of Nemelex Xobeh.
  4443 | D:4      | Found a bloodstained altar of Trog.
  4465 | D:4      | Noticed a phantom
  4530 | D:4      | Killed a phantom
  4530 | D:4      | Reached skill level 7 in Transmutations
  4766 | D:4      | Reached XP level 7. HP: 50/57 MP: 10/10
  5041 | D:4      | Noticed an ogre
  5050 | D:4      | Killed an ogre
  5317 | D:5      | Entered Level 5 of the Dungeon
  5470 | D:5      | Reached skill level 8 in Transmutations
  5783 | D:5      | Found a stormy altar of Qazlal.
  5879 | D:5      | Reached skill level 9 in Transmutations
  5879 | D:5      | Reached XP level 8. HP: 43/64 MP: 8/11
  5901 | D:5      | HP: 2/64 [acid (3)]
  6391 | D:6      | Found a staircase to the Ecumenical Temple.
  6570 | D:6      | Reached skill level 5 in Unarmed Combat
  6770 | D:6      | Reached XP level 9. HP: 40/78 MP: 7/12
  7120 | D:6      | Reached skill level 10 in Transmutations
  7292 | D:6      | Noticed wotan's ghost (experienced MiBe)
  7530 | D:6      | Slain by wotan's ghost

Action                   |  1- 3 |  4- 6 |  7- 9 || total
-------------------------+-------+-------+-------++-------
Melee: Unarmed           |   129 |   253 |   331 ||   713
 Cast: Beastly Appendage |    10 |     2 |       ||    12
       Spider Form       |       |    19 |    30 ||    49
       Blade Hands       |       |       |     5 ||     5
  Use: Potion            |       |     2 |     1 ||     3
       Scroll            |       |       |    15 ||    15
 Stab: Sleeping          |     2 |     1 |       ||     3
  Eat: Chunk             |     3 |     7 |     9 ||    19
       Meat ration       |       |     2 |     1 ||     3
       Beef jerky        |       |       |     1 ||     1
